[Event "Titled Tuesday Blitz February 21 Early 2023"]
[White "Kvaloy, Aksel Bu"]
[Black "Matko, Ognjen"]
[WhiteFideId "1528815"]
[BlackFideId "14509717"]
[WhiteElo "2321"]
[BlackElo "2295"]
[Result "1/2-1/2"]
[Round "06"]
[TimeControl "180+2"]
[Date "2023.02.21"]
[WhiteClock "0:00:05"]
[BlackClock "0:00:05"]

1. d4 Nf6 2. c4 c5 3. d5 b5 4. cxb5 a6 5. bxa6 d6 6. Nc3 g6 7. e4 Bg7 8. a7 Rxa7 9. Nf3 O-O 10. Be2 Qa5 11. Bd2 Qb6 12. Nb5 Ra8 13. Qc2 Ba6 14. a4 Nbd7 15. O-O Rfb8 16. Ra3 Ne8 17. Bc4 Nc7 18. Nxc7 Qxc7 19. b3 Bxc4 20. bxc4 Rb2 21. Qd3 Qb7 22. a5 Ra6 23. h3 Ne5 24. Nxe5 Bxe5 25. Raa1 Rb3 26. Qc2 Bxa1 27. Rxa1 Rb2 28. Qc1 Qb3 29. Bh6 Qc2 30. Qf4 f5 31. exf5 Qxf5 32. Qe3 Qe5 33. Qxe5 dxe5 34. Be3 Rc2 35. Ra4 Kf7 36. Bxc5 Rc1+ 37. Kh2 Ke8 38. Bb6 Kd7 39. Rb4 Ra1 40. c5 R1xa5 41. Bxa5 Rxa5 42. Rb7+ Kd8 43. d6 exd6 44. cxd6 Rd5 45. Rxh7 Rxd6 46. Kg3 Ke8 47. Kf3 Kf8 48. Ra7 Rd4 49. Ke3 Rc4 50. f3 Rb4 51. Ra5 Rb2 52. g4 Rh2 53. Rxe5 Rxh3 54. Ra5 Kf7 55. Ra6 Rh2 56. Kf4 Rb2 57. Kg3 Rb5 58. Ra3 Kg7 59. f4 Kf7 60. Kf3 Kg7 61. Re3 Kf7 62. g5 Kg7 63. Re7+ Kf8 64. Ra7 Rc5 65. Ke4 Rb5 66. Rd7 Rc5 67. Rd5 Rc4+ 68. Ke5 Rb4 69. Rd7 Kg8 70. Rd6 Kf7 71. Rd7+ Kf8 72. Rc7 Kg8 73. Ra7 Kf8 74. Rd7 Kg8 75. Re7 Kf8 76. Kf6 Rxf4+ 77. Kxg6 Kxe7 78. Kg7 Rf1 79. g6 Rg1 80. Kh8 Kf6 81. g7 Rh1+ 82. Kg8 Rg1 83. Kh8 Rh1+ 84. Kg8 Rg1 85. Kh8 1/2-1/2


[Site "https://www.chess.com"]

[Event "Titled Tuesday Blitz February 21 Early 2023"]
[White "Sargissyan, Sargis"]
[Black "Ambartsumova, Karina"]
[WhiteFideId "13303210"]
[BlackFideId "4166299"]
[WhiteElo "2234"]
[BlackElo "2393"]
[Result "0-1"]
[Round "06"]
[TimeControl "180+2"]
[Date "2023.02.21"]
[WhiteClock "0:00:42"]
[BlackClock "0:01:09"]

1. e4 c5 2. Nf3 Nc6 3. d4 cxd4 4. Nxd4 Qb6 5. Nb3 Nf6 6. Nc3 e6 7. Bd3 a6 8. Be3 Qc7 9. f4 d6 10. Qf3 Be7 11. g4 b5 12. g5 Nd7 13. O-O-O Bb7 14. Kb1 Nc5 15. h4 b4 16. Ne2 a5 17. h5 a4 18. Nxc5 dxc5 19. g6 fxg6 20. hxg6 h6 21. Qg4 Nd8 22. Bc4 Bxe4 23. Bxe6 Ra6 24. Bc4 Rd6 25. Rhf1 Bf6 26. Qf5 Bxf5 0-1


[Site "https://www.chess.com"]

[Event "Titled Tuesday Blitz February 21 Early 2023"]
[White "Abdilkhair, Abilmansur"]
[Black "Danielyan, Vahe"]
[WhiteFideId "13716417"]
[BlackFideId "13304828"]
[WhiteElo "2268"]
[BlackElo "2346"]
[Result "1-0"]
[Round "06"]
[TimeControl "180+2"]
[Date "2023.02.21"]
[WhiteClock "0:00:05"]
[BlackClock "0:00:05"]

1. d4 d5 2. c4 e6 3. Nc3 Nf6 4. Bg5 Bb4 5. e3 h6 6. Bh4 Nbd7 7. Nf3 c6 8. Qc2 O-O 9. a3 Be7 10. Bd3 dxc4 11. Bxc4 b5 12. Bd3 a6 13. O-O c5 14. Rad1 cxd4 15. exd4 Bb7 16. Ne5 Rc8 17. Qe2 Nb6 18. Bg3 Kh8 19. Rfe1 Bxa3 20. Nxb5 Bb4 21. Nc3 Bxc3 22. bxc3 Rxc3 23. Qb2 Qd5 24. f3 Na4 25. Qa1 Qxd4+ 26. Bf2 Qb4 27. Rb1 Qe7 28. Qxa4 Nd5 29. Qd4 Rd8 30. Qe4 Nf6 31. Qxb7 Qxb7 32. Rxb7 Kg8 33. Bxa6 Rc2 34. Bd3 Rd2 35. Be2 Ra2 36. Nd3 Nd5 37. Reb1 Nc3 38. Bf1 Nxb1 39. Rxb1 Rc2 40. Nf4 g5 41. Ne2 Ra2 42. h4 Rdd2 43. hxg5 hxg5 44. Be3 Rdc2 45. Rc1 Kg7 46. Rxc2 Rxc2 47. Bxg5 f6 48. Be3 Ra2 49. Nd4 e5 50. Nf5+ Kg6 51. Bd3 Ra1+ 52. Kh2 Ra3 53. Be4 Kf7 54. Kg3 Ke6 55. Kg4 Ra2 56. g3 Rh2 57. Ng7+ Kf7 58. Nh5 Ke6 59. Bf5+ Kf7 60. Bc5 Rc2 61. Bb6 Rc6 62. Bd8 Rc4+ 63. Kh3 Rc3 64. Bxf6 Re3 65. Kg4 Re2 66. Bg5 Re1 67. Be4 Ke6 68. Bf6 Rh1 69. Bh4 Rb1 70. Ng7+ Kf7 71. Nf5 Rb2 72. Be7 Ke6 73. Bd6 Rh2 74. Bc7 Kd7 75. Bxe5 Ke6 76. Bf4 Ra2 77. Nd4+ Kf7 78. Kg5 Ra5+ 79. Nf5 Ra4 80. g4 Ke6 81. Ng7+ Kf7 82. Nh5 Ra5+ 83. Bf5 Kg8 84. Nf6+ Kh8 85. Nd7 Kg7 86. Be5+ Kf7 87. f4 Kg8 88. Kf6 Kh8 89. Kf7+ Rxe5 90. Kf6 Ra5 91. Ne5 Ra6+ 92. Be6 Kh7 93. g5 Rb6 94. g6+ Kh8 95. g7+ Kh7 96. g8=Q+ Kh6 97. Qg6# 1-0


[Site "https://www.chess.com"]

[Event "Titled Tuesday Blitz February 21 Early 2023"]
[White "Spitzl, Vinzent"]
[Black "Ismagilov, Damir"]
[WhiteFideId "12901253"]
[BlackFideId "34199982"]
[WhiteElo "2365"]
[BlackElo "2156"]
[Result "0-1"]
[Round "06"]
[TimeControl "180+2"]
[Date "2023.02.21"]
[WhiteClock "0:00:47"]
[BlackClock "0:01:14"]

1. e4 e6 2. d4 d5 3. Nd2 dxe4 4. Nxe4 Nd7 5. Bd3 Ngf6 6. Nxf6+ Nxf6 7. Nf3 c5 8. dxc5 Bxc5 9. Bb5+ Bd7 10. Bxd7+ Qxd7 11. Qxd7+ Kxd7 12. O-O Ke7 13. a3 Rac8 14. Rd1 Rhd8 15. Rxd8 Rxd8 16. Be3 Bxe3 17. fxe3 Rc8 18. Rc1 Ne4 19. Kf1 f6 20. Ke2 e5 21. Nd2 Nd6 22. c4 b6 23. b4 Ke6 24. Kd3 f5 25. e4 g6 26. a4 a5 27. c5 axb4 28. exf5+ gxf5 29. Nb3 bxc5 30. Nxc5+ Kd5 31. Nb3 e4+ 32. Ke3 Rxc1 33. Nxc1 Kc4 34. a5 b3 0-1


[Site "https://www.chess.com"]

[Event "Titled Tuesday Blitz February 21 Early 2023"]
[White "Silva, Pedro Gil Ferreira Da"]
[Black "Dixit, Nikhil"]
[WhiteFideId "1946102"]
[BlackFideId "5059534"]
[WhiteElo "2227"]
[BlackElo "2257"]
[Result "0-1"]
[Round "06"]
[TimeControl "180+2"]
[Date "2023.02.21"]
[WhiteClock "0:00:09"]
[BlackClock "0:00:15"]

1. c4 Nf6 2. Nc3 g6 3. Nf3 Bg7 4. g3 O-O 5. Bg2 d6 6. d4 Nbd7 7. O-O e5 8. b3 a6 9. Bb2 Rb8 10. Rc1 b5 11. cxb5 axb5 12. dxe5 dxe5 13. Ng5 Bb7 14. Bxb7 Rxb7 15. Nge4 b4 16. Nxf6+ Nxf6 17. Na4 Qa8 18. Bxe5 Re8 19. Bxf6 Bxf6 20. e3 Ra7 21. Qd7 Be5 22. Rfd1 Bd6 23. Qc6 Qxc6 24. Rxc6 h5 25. h4 Re5 26. Rc4 Rea5 27. Rdd4 Kg7 28. Kg2 Rf5 29. Rc2 Rfa5 30. Rcd2 R5a6 31. Rd5 Kg8 32. e4 Ra5 33. Rxa5 Rxa5 34. Rd5 Rxd5 35. exd5 Kg7 36. Kf3 Kf6 37. Ke4 g5 38. hxg5+ Kxg5 39. Nb2 f5+ 40. Kf3 f4 41. Nc4 fxg3 42. fxg3 Kf5 43. Nd2 Ke5 44. Ne4 Kxd5 45. Nf6+ Kd4 46. Nxh5 Kc3 47. Nf6 Kb2 48. Ne4 Bf8 49. g4 Kxa2 50. Nd2 Bh6 51. Ke2 Kb2 52. Kd3 c5 53. Nc4+ Kxb3 54. Nd6 Ka2 55. Nc4 b3 56. Ke4 Kb1 57. Kd5 Kc2 58. Kxc5 Kc3 59. Kb5 Bf8 60. g5 Bg7 61. g6 Bf8 62. Na3 b2 63. Ka4 Bxa3 64. Kxa3 b1=Q 65. g7 Qb3# 0-1


[Site "https://www.chess.com"]

[Event "Titled Tuesday Blitz February 21 Early 2023"]
[White "Krzywda, Andrzej"]
[Black "WindWhistler11"]
[WhiteFideId "1114565"]
[WhiteElo "2223"]
[BlackElo "2536"]
[Result "1-0"]
[Round "06"]
[TimeControl "180+2"]
[Date "2023.02.21"]
[WhiteClock "0:00:28"]
[BlackClock "0:00:06"]

1. e4 e6 2. d4 d5 3. e5 c5 4. c3 Nc6 5. Nf3 Bd7 6. a3 c4 7. h4 Nge7 8. h5 h6 9. Be2 Qc7 10. Qd2 Na5 11. Bd1 Nc8 12. Qf4 Nb6 13. Rh3 Ba4 14. Nfd2 Bxd1 15. Kxd1 O-O-O 16. Rf3 Rd7 17. a4 Kb8 18. Na3 Nb3 19. Nb5 Qc6 20. Ra2 a6 21. a5 Nc8 22. Na3 Nxa5 23. Ndb1 Qa4+ 24. Ke1 Na7 25. Qd2 Qb3 26. Ra1 Qb6 27. Qc2 Nb3 28. Ra2 Nc6 29. Nd2 Rg8 30. Qh7 Ne7 31. Kd1 Nxd2 32. Kxd2 Qb3 33. Ra1 b5 34. Nc2 1-0


[Site "https://www.chess.com"]

[Event "Titled Tuesday Blitz February 21 Early 2023"]
[White "Corredor Castellanos, Camilo"]
[Black "Martin Duque, Jesus"]
[WhiteFideId "4425871"]
[BlackFideId "2208954"]
[WhiteElo "1957"]
[BlackElo "2386"]
[Result "1-0"]
[Round "06"]
[TimeControl "180+2"]
[Date "2023.02.21"]
[WhiteClock "0:00:17"]
[BlackClock "0:00:45"]

1. Nf3 Nf6 2. b3 b6 3. Bb2 Bb7 4. e3 g6 5. Be2 Bg7 6. h4 e6 7. d3 d5 8. Nbd2 c5 9. c4 Qe7 10. Qc2 Nc6 11. a3 Rc8 12. h5 Nxh5 13. Rxh5 gxh5 14. Bxg7 Rg8 15. Bb2 Rxg2 16. Bf1 Rg8 17. O-O-O a6 18. Kb1 b5 19. Bh3 Qd6 20. cxd5 Qxd5 21. Ne4 Rg6 22. Nh4 Rh6 23. Nf6+ Rxf6 24. Bxf6 Ne5 25. Bxe5 Qxe5 26. Bg2 Bxg2 27. Nxg2 Qh2 28. Nf4 h4 29. f3 Qg3 30. Qg2 Ke7 31. Qxg3 hxg3 32. Rg1 Rg8 33. Nh5 g2 34. Nf4 Rg3 35. Kc2 Rxf3 36. Rxg2 Rxe3 37. Rh2 Rf3 38. Ne2 c4 39. bxc4 bxc4 40. dxc4 Rxa3 41. Rxh7 e5 42. Nc3 Ra5 43. Rh6 f5 44. Kd3 Ra1 45. Nd5+ Kd7 46. Rf6 f4 47. Rf5 Re1 48. Rf7+ Ke6 49. Rf6+ Kd7 50. Rxa6 e4+ 51. Kd4 f3 52. Rf6 Re2 53. Ne3 Rd2+ 54. Kxe4 f2 55. Ng4 Rc2 56. Kd5 Rd2+ 57. Kc5 Re2 58. Nxf2 Re5+ 59. Kd4 Rh5 60. Ne4 Kc7 61. Rf7+ Kc6 62. Rf6+ Kc7 63. Ra6 Kb7 64. Rg6 Kc7 65. Nc3 Rh4+ 66. Kc5 Kb7 67. Nd5 Rh1 68. Rb6+ Ka7 69. Rd6 Kb7 70. Rd7+ Ka6 71. Kc6 Rb1 72. c5 Ra1 73. Rd8 Ka7 74. Nb6 1-0


[Site "https://www.chess.com"]

[Event "Titled Tuesday Blitz February 21 Early 2023"]
[White "Afanasieva, Alexandra"]
[Black "Vovk, Orest"]
[WhiteFideId "34126926"]
[BlackFideId "14113490"]
[WhiteElo "1857"]
[BlackElo "2315"]
[Result "0-1"]
[Round "06"]
[TimeControl "180+2"]
[Date "2023.02.21"]
[WhiteClock "0:00:03"]
[BlackClock "0:00:39"]

1. e4 g5 2. d4 g4 3. Nc3 Bg7 4. Be3 d6 5. Qd2 c6 6. Be2 Qa5 7. h3 h5 8. hxg4 hxg4 9. Rxh8 Bxh8 10. f3 Nf6 11. O-O-O b5 12. e5 b4 13. exf6 bxc3 14. Qxc3 Qxc3 15. bxc3 gxf3 16. Bxf3 Bxf6 17. d5 c5 18. Bxc5 Bxc3 19. Ne2 Bf6 20. Rh1 Nd7 21. Bd4 Ne5 22. Bxe5 Bxe5 23. Be4 Ba6 24. Kd2 Rb8 25. Bd3 Bxd3 26. Kxd3 Rb2 27. Rh5 Rxa2 28. Rh4 Ra5 29. Rb4 Rxd5+ 30. Ke4 Rc5 0-1


[Site "https://www.chess.com"]

[Event "Titled Tuesday Blitz February 21 Early 2023"]
[White "Bogaudinov, Rushan"]
[Black "Bilan, Danila"]
[WhiteFideId "4129288"]
[BlackFideId "24161918"]
[WhiteElo "1939"]
[BlackElo "2303"]
[Result "0-1"]
[Round "06"]
[TimeControl "180+2"]
[Date "2023.02.21"]
[WhiteClock "0:00:03"]
[BlackClock "0:00:12"]

1. e4 c6 2. d4 d5 3. e5 c5 4. dxc5 Nc6 5. Nf3 Bg4 6. Bb5 e6 7. Be3 Ne7 8. c3 Qc7 9. Bd4 Nf5 10. O-O Be7 11. Nbd2 O-O 12. Be2 Nfxd4 13. cxd4 b6 14. cxb6 Qxb6 15. h3 Bf5 16. Nb3 Rfc8 17. Bd3 Bxd3 18. Qxd3 Nb4 19. Qd1 a5 20. h4 a4 21. Nc5 Bxc5 22. dxc5 Qxc5 23. a3 Nc6 24. Rc1 Qb6 25. Qe2 h6 26. Rfd1 Na5 27. Rxc8+ Rxc8 28. Rd4 Rc1+ 29. Kh2 Nc4 30. Rg4 Qxb2 31. Qd3 Qxf2 32. Nd4 Qg1+ 33. Kg3 Qe3+ 34. Qxe3 Nxe3 35. Rf4 Rc3 36. Rf3 Nf1+ 37. Kf2 Rxf3+ 38. gxf3 Nd2 39. f4 Nc4 40. Nc2 f6 41. exf6 gxf6 42. h5 Kf7 43. Ke2 e5 44. Kd3 Ke6 45. Kc3 Kf5 46. fxe5 fxe5 47. Kb4 Nb2 48. Kc3 Nd1+ 49. Kd2 Nf2 50. Ke2 Ne4 51. Ne3+ Ke6 52. Ng4 Nf6 53. Nxh6 Nxh5 54. Kd3 Nf4+ 55. Kc3 e4 56. Kd4 Ne2+ 57. Ke3 Nc3 58. Kd4 Nb5+ 59. Kc5 Nxa3 60. Kb4 Nc2+ 61. Kxa4 e3 62. Kb3 e2 63. Ng4 e1=Q 64. Kxc2 Qe2+ 65. Kc3 Qxg4 0-1


[Site "https://www.chess.com"]

[Event "Titled Tuesday Blitz February 21 Early 2023"]
[White "Potapova, Margarita"]
[Black "Fernandez Siles, Luis"]
[WhiteFideId "14126869"]
[BlackFideId "2209420"]
[WhiteElo "2104"]
[BlackElo "2218"]
[Result "1-0"]
[Round "06"]
[TimeControl "180+2"]
[Date "2023.02.21"]
[WhiteClock "0:00:13"]
[BlackClock "0:00:13"]

1. Nf3 Nf6 2. c4 g6 3. g3 Bg7 4. Bg2 O-O 5. O-O d6 6. d4 c6 7. Nc3 Qa5 8. e4 e5 9. Re1 Bg4 10. h3 Bxf3 11. Bxf3 Nbd7 12. Be3 exd4 13. Bxd4 Ne5 14. Be2 Rad8 15. a3 c5 16. Be3 Nc6 17. Bf1 Nd7 18. Rb1 Nd4 19. b4 Qc7 20. Nd5 Qb8 21. Bg5 f6 22. Be3 f5 23. Bg5 Rde8 24. Bg2 fxe4 25. Bxe4 Ne5 26. f4 Nef3+ 27. Qxf3 Nxf3+ 28. Bxf3 Bd4+ 29. Kg2 Rxe1 30. Rxe1 Re8 31. Ne7+ Kg7 32. f5 Bf6 33. Bxf6+ Kxf6 34. Nd5+ Kf7 35. Rf1 g5 36. Bh5+ Kf8 37. f6 Re4 38. b5 Qd8 39. Rf5 Qa5 40. Rf2 Qxa3 41. Bf3 Re5 42. Bg4 Qd3 43. f7 Qxc4 44. Nf6 Re7 45. Nxh7+ Kg7 46. f8=Q+ Kxh7 47. Qxe7+ 1-0


[Site "https://www.chess.com"]

[Event "Titled Tuesday Blitz February 21 Early 2023"]
[White "Lauridsen, Jesper Morch"]
[Black "Papasimakopoulos, Alexandros"]
[WhiteFideId "1401890"]
[BlackFideId "4244125"]
[WhiteElo "2309"]
[BlackElo "2401"]
[Result "0-1"]
[Round "06"]
[TimeControl "180+2"]
[Date "2023.02.21"]
[WhiteClock "0:00:15"]
[BlackClock "0:00:48"]

1. e4 e6 2. d4 d5 3. exd5 exd5 4. Nf3 Bg4 5. Be2 Bd6 6. O-O Nc6 7. Re1 Nge7 8. c4 dxc4 9. d5 Nxd5 10. Qxd5 Bxh2+ 11. Kf1 Qxd5 12. Bxc4+ Qe5 13. Nxe5 Nxe5 14. f4 f6 15. fxe5 fxe5 16. Bg5 Rf8+ 0-1


[Site "https://www.chess.com"]

[Event "Titled Tuesday Blitz February 21 Early 2023"]
[White "Vaibhav Jayant Raut"]
[Black "Lehtosaari, Mauri"]
[WhiteFideId "5089034"]
[BlackFideId "501999"]
[WhiteElo "2237"]
[BlackElo "2176"]
[Result "1-0"]
[Round "06"]
[TimeControl "180+2"]
[Date "2023.02.21"]
[WhiteClock "0:00:49"]
[BlackClock "0:00:47"]

1. d4 d5 2. Bf4 c5 3. e3 Nc6 4. Nf3 Nf6 5. Nbd2 Bg4 6. c3 e6 7. Bb5 Qb6 8. Qa4 Nd7 9. O-O Be7 10. h3 Bxf3 11. Nxf3 O-O 12. Rfe1 a6 13. Bf1 Nf6 14. Qc2 Rac8 15. Qb3 Qxb3 16. axb3 cxd4 17. exd4 Rfd8 18. Bd3 h6 19. b4 Bd6 20. Bxd6 Rxd6 21. b5 axb5 22. Bxb5 Rdd8 23. Bxc6 bxc6 24. Ra7 Rd7 25. Rea1 c5 26. dxc5 Rxc5 27. Ne5 Rdc7 28. Ra8+ Kh7 29. Rf8 Rb5 30. Raa8 g6 31. Nxf7 Rxb2 32. Ne5 Rb1+ 33. Kh2 Rb2 34. Rxf6 1-0


[Site "https://www.chess.com"]

[Event "Titled Tuesday Blitz February 21 Early 2023"]
[White "Averjanov, Alexey"]
[Black "Jaskolka, Tomasz"]
[WhiteFideId "14109867"]
[BlackFideId "1170791"]
[WhiteElo "2399"]
[BlackElo "2238"]
[Result "0-1"]
[Round "06"]
[TimeControl "180+2"]
[Date "2023.02.21"]
[WhiteClock "0:00:10"]
[BlackClock "0:00:05"]

1. d4 d5 2. c4 e5 3. dxe5 d4 4. Nf3 Nc6 5. g3 Be6 6. Nbd2 Qd7 7. Bg2 h5 8. h4 Nh6 9. O-O Ng4 10. b3 O-O-O 11. Bb2 Bf5 12. Rc1 Ngxe5 13. Nxe5 Nxe5 14. Nf3 Nxf3+ 15. Bxf3 g5 16. hxg5 h4 17. Qd2 hxg3 18. fxg3 Bc5 19. Qf4 d3+ 20. e3 d2 21. Rcd1 Qd3 22. Qxf5+ Qxf5 23. Bxb7+ Kxb7 24. Rxf5 Bxe3+ 25. Kg2 Rhe8 26. Bc3 Rd3 27. Ba5 Bb6 28. Bxb6 axb6 29. Rf2 Ree3 30. Rdxd2 Rxg3+ 31. Kh2 Rh3+ 32. Kg2 Rdg3+ 33. Kf1 Rh1+ 34. Ke2 Rxg5 35. Rxf7 Rh2+ 36. Rf2 Re5+ 37. Kd1 Rh1+ 38. Kc2 Ree1 39. Kb2 Rb1+ 40. Ka3 c5 41. Rf6 Rh8 42. Rd7+ Ka6 43. Rdd6 Rb8 44. Rf7 Ra8 45. Rdd7 b5 46. cxb5+ Kb6+ 47. Ra7 Rxa7+ 48. Rxa7 Kxa7 49. Ka4 Kb6 50. a3 Rb2 51. b4 cxb4 52. axb4 Rb1 0-1


[Site "https://www.chess.com"]

[Event "Titled Tuesday Blitz February 21 Early 2023"]
[White "Andreev, Eduard"]
[Black "Sai Han Thiha"]
[WhiteFideId "14103400"]
[BlackFideId "13012290"]
[WhiteElo "2413"]
[BlackElo "2070"]
[Result "1-0"]
[Round "06"]
[TimeControl "180+2"]
[Date "2023.02.21"]
[WhiteClock "0:00:14"]
[BlackClock "0:00:07"]

1. d4 Nf6 2. c4 e6 3. g3 d5 4. Nf3 dxc4 5. Bg2 c5 6. O-O Nc6 7. Qa4 Bd7 8. Qxc4 cxd4 9. Nxd4 Rc8 10. Nxc6 Bxc6 11. Bxc6+ Rxc6 12. Qa4 Be7 13. Nc3 O-O 14. Be3 a6 15. Rfd1 Qc8 16. Rac1 Rd8 17. Rxd8+ Qxd8 18. Rd1 Qc8 19. Qb3 h6 20. a4 Nd7 21. Ne4 Nc5 22. Bxc5 Bxc5 23. Nxc5 Rxc5 24. Qb6 Rc6 25. Qe3 Rc4 26. b3 Rc3 27. Qb6 Rc6 28. Rd8+ Kh7 29. Qd4 Rc1+ 30. Kg2 Qc6+ 31. f3 Qc2 32. Qd3+ Qxd3 33. Rxd3 Rb1 34. Rd7 Rxb3 35. Rxf7 Kg6 36. Rc7 Rb4 37. a5 Kf6 38. g4 g5 39. Kg3 Rb2 40. e3 Rb3 41. e4 Rb5 42. h4 gxh4+ 43. Kxh4 Kg6 44. f4 Rxa5 45. Rxb7 Ra4 46. f5+ Kf6 47. Rb6 Rxe4 48. Rxa6 Kf7 49. Rxe6 Ra4 50. Rxh6 Kg7 51. Rb6 Kf7 52. Kg5 Ra7 53. Rh6 Kg7 54. f6+ Kg8 55. Kg6 Rb7 56. g5 Ra7 57. f7+ Rxf7 58. Rh8+ Kxh8 59. Kxf7 Kh7 60. g6+ Kh8 61. g7+ Kh7 62. g8=Q+ Kh6 63. Qg6# 1-0


[Site "https://www.chess.com"]

[Event "Titled Tuesday Blitz February 21 Early 2023"]
[White "Sharapov, Evgeny"]
[Black "Cunha, Lucas Aguiar"]
[WhiteFideId "14103133"]
[BlackFideId "2125404"]
[WhiteElo "2375"]
[BlackElo "2309"]
[Result "1-0"]
[Round "06"]
[TimeControl "180+2"]
[Date "2023.02.21"]
[WhiteClock "0:01:14"]
[BlackClock "0:00:52"]

1. e4 c5 2. Nf3 e6 3. d4 cxd4 4. Nxd4 Nc6 5. Nb5 d6 6. Bf4 e5 7. Be3 a6 8. N5c3 Nf6 9. Bg5 h6 10. Bxf6 Qxf6 11. Nd5 Qd8 12. Nbc3 g6 13. a4 Bg7 14. Bd3 O-O 15. O-O Be6 16. Kh1 Rc8 17. Qd2 f5 18. f3 Kh7 19. Rfe1 Qh4 20. Ne3 Kh8 21. Bc4 Bxc4 22. Nxc4 Rcd8 23. Ne3 h5 24. Ned5 Nd4 25. Ne2 Ne6 26. Ng3 Kh7 27. c3 Bh6 28. Qc2 f4 29. Nf1 g5 30. Ne7 g4 31. Nf5 Qg5 32. Rad1 gxf3 33. gxf3 Rg8 34. Qf2 Bf8 35. Nd2 Nc5 36. Rg1 Nd3 37. Qe2 1-0


[Site "https://www.chess.com"]

[Event "Titled Tuesday Blitz February 21 Early 2023"]
[White "Chakravarthi Reddy, M"]
[Black "Wadsworth, Matthew J"]
[WhiteFideId "25009532"]
[BlackFideId "415804"]
[WhiteElo "2279"]
[BlackElo "2428"]
[Result "0-1"]
[Round "06"]
[TimeControl "180+2"]
[Date "2023.02.21"]
[WhiteClock "0:00:01"]
[BlackClock "0:00:03"]

1. e4 e6 2. d4 d5 3. e5 c5 4. c3 Nc6 5. Nf3 Qb6 6. Be2 cxd4 7. O-O dxc3 8. Nxc3 Bd7 9. h4 a6 10. Re1 Nge7 11. Bd3 Ng6 12. h5 Bc5 13. hxg6 Bxf2+ 14. Kf1 hxg6 15. Ke2 Bxe1 16. Qxe1 Nd4+ 17. Nxd4 Qxd4 18. Qg3 Qh4 19. Bf4 Qxg3 20. Bxg3 b5 21. a3 Ke7 22. Rf1 g5 23. Ke3 Rac8 24. Ne2 f5 25. exf6+ gxf6 26. Nd4 f5 27. Be5 Rh4 28. Nf3 Rg4 29. Rh1 Rxg2 30. Rh7+ Kd8 31. Nd4 Rc1 32. Rh8+ Ke7 33. Rh7+ Ke8 34. Rh8+ Kf7 35. Rh7+ Kg6 36. Rxd7 Re1+ 37. Ne2 d4+ 38. Kd2 Rexe2+ 39. Bxe2 f4 40. Bxd4 f3 41. Rg7+ Kh6 42. Rf7 Rxe2+ 43. Kd1 g4 44. Rg7 e5 45. Bc3 Kxg7 0-1


[Site "https://www.chess.com"]

[Event "Titled Tuesday Blitz February 21 Early 2023"]
[White "Aarav Dengla"]
[Black "Orlov, Georgi"]
[WhiteFideId "45059756"]
[BlackFideId "2011271"]
[WhiteElo "2343"]
[BlackElo "2453"]
[Result "0-1"]
[Round "06"]
[TimeControl "180+2"]
[Date "2023.02.21"]
[WhiteClock "0:00:02"]
[BlackClock "0:01:30"]

1. e4 c5 2. Nf3 e6 3. g3 b6 4. Bg2 Bb7 5. Qe2 d6 6. O-O Nf6 7. d3 Be7 8. e5 dxe5 9. Nxe5 Bxg2 10. Kxg2 Qd5+ 11. Nf3 Nc6 12. Nc3 Qd7 13. Bf4 O-O 14. h4 Nd4 15. Nxd4 cxd4 16. Ne4 Qc6 17. Be5 Rfd8 18. Bxf6 Bxf6 19. Kh2 Be7 20. f4 Rd5 21. c4 dxc3 22. bxc3 h6 23. c4 Ra5 24. d4 Rd8 25. Rfd1 f5 26. Nc3 Bf6 27. d5 Qe8 28. Qxe6+ Qxe6 29. dxe6 Re8 30. Rd3 Rxe6 31. h5 Ra3 32. Rc1 Rc6 33. g4 fxg4 34. Kg3 Rxc4 35. Kxg4 Raxc3 36. Rcxc3 Rxc3 37. Rd7 Ra3 38. Rc7 Kh7 0-1


[Site "https://www.chess.com"]

[Event "Titled Tuesday Blitz February 21 Early 2023"]
[White "Real_taiatai"]
[Black "Jeet, Jain"]
[BlackFideId "5073022"]
[WhiteElo "2442"]
[BlackElo "2199"]
[Result "0-1"]
[Round "06"]
[TimeControl "180+2"]
[Date "2023.02.21"]
[WhiteClock "0:01:20"]
[BlackClock "0:01:37"]

1. d4 c6 2. c4 d5 3. Nf3 Nf6 4. Nc3 a6 5. cxd5 cxd5 6. Bf4 Nc6 7. e3 e6 8. Bd3 Bd6 9. Ne5 O-O 10. O-O Bxe5 11. dxe5 Nd7 12. Qg4 Ndxe5 13. Bxe5 Nxe5 14. Bxh7+ Kxh7 15. Qh5+ Kg8 16. Qxe5 Qf6 17. Qxf6 gxf6 18. Rac1 Bd7 19. Rfd1 Bc6 20. Ne2 e5 21. Nc3 Rfd8 22. Rd2 Rd7 23. Rcd1 Rad8 24. Ne2 Kf8 25. Nf4 exf4 26. exf4 f5 27. b3 d4 28. f3 a5 29. Kf2 a4 30. g4 axb3 31. axb3 d3 32. h4 Bb5 33. h5 Re8 34. Rc1 Re2+ 35. Rxe2 dxe2 36. h6 Kg8 37. Rc5 Rd1 38. Re5 Rf1+ 39. Kg3 e1=Q+ 0-1


[Site "https://www.chess.com"]

[Event "Titled Tuesday Blitz February 21 Early 2023"]
[White "Delorme, Axel"]
[Black "Mamedov, Edgar"]
[WhiteFideId "632023"]
[BlackFideId "13739980"]
[WhiteElo "2483"]
[BlackElo "2193"]
[Result "0-1"]
[Round "06"]
[TimeControl "180+2"]
[Date "2023.02.21"]
[WhiteClock "0:00:03"]
[BlackClock "0:00:04"]

1. e4 c5 2. Nf3 e6 3. b3 Nc6 4. Bb2 d5 5. Bb5 Ne7 6. exd5 exd5 7. O-O f6 8. Re1 Kf7 9. d4 a6 10. Bf1 cxd4 11. Nxd4 Nxd4 12. Qxd4 Nc6 13. Qh4 Bf5 14. Nc3 Ne7 15. Rad1 Rc8 16. Rxe7+ Qxe7 17. Nxd5 Qe4 18. Nf4 Rxc2 19. Bd3 Rd2 20. Rxd2 Qe1+ 21. Bf1 Qxd2 22. Bc4+ Ke8 23. Qh5+ g6 24. Qf3 Bc5 25. g4 Qxb2 26. gxf5 Qb1+ 27. Kg2 Qxf5 28. Qe2+ Qe5 0-1


[Site "https://www.chess.com"]

[Event "Titled Tuesday Blitz February 21 Early 2023"]
[White "Kouskoutis, Georgios-Alexandros"]
[Black "Malyi, Viacheslav"]
[WhiteFideId "4234049"]
[BlackFideId "14123983"]
[WhiteElo "2295"]
[BlackElo "2391"]
[Result "1-0"]
[Round "06"]
[TimeControl "180+2"]
[Date "2023.02.21"]
[WhiteClock "0:00:09"]
[BlackClock "0:00:42"]

1. c4 c5 2. g3 Nf6 3. Bg2 g6 4. Nc3 Bg7 5. e4 Nc6 6. Nge2 O-O 7. O-O Ne8 8. Rb1 Nc7 9. a3 a5 10. d3 Ne6 11. Nb5 Ned4 12. Nbxd4 Nxd4 13. b4 axb4 14. axb4 b6 15. Be3 e5 16. Nxd4 cxd4 17. Bd2 d6 18. Ra1 Be6 19. f4 f6 20. f5 Bf7 21. h4 Re8 22. g4 Rxa1 23. Qxa1 Qa8 24. g5 Qb7 25. gxf6 Bf8 26. Qc1 b5 27. Bh6 Kh8 28. fxg6 Bxg6 29. Bxf8 Rxf8 30. Qh6 Qf7 31. cxb5 Rb8 32. Bh3 Rg8 33. Kh2 Qa2+ 34. Kh1 Qf7 35. b6 Bh5 36. b7 Be2 37. Qg7+ Rxg7 38. fxg7+ Kxg7 39. Rxf7+ Kxf7 40. b8=Q 1-0


[Site "https://www.chess.com"]

[Event "Titled Tuesday Blitz February 21 Early 2023"]
[White "Ibadov, Dashgyn"]
[Black "Liu, Casper"]
[WhiteFideId "24107514"]
[BlackFideId "1454153"]
[WhiteElo "2391"]
[BlackElo "2278"]
[Result "0-1"]
[Round "06"]
[TimeControl "180+2"]
[Date "2023.02.21"]
[WhiteClock "0:00:02"]
[BlackClock "0:00:30"]

1. e4 c5 2. Nc3 d6 3. Nf3 Nf6 4. d4 cxd4 5. Nxd4 Nc6 6. Bg5 Bd7 7. Bxf6 gxf6 8. Nb3 h5 9. Be2 Bh6 10. Bxh5 Ne5 11. Be2 Rg8 12. g3 Bh3 13. f4 Nc6 14. Qd2 Qb6 15. Nd5 Qd8 16. O-O-O Bg2 17. Rhe1 Bxe4 18. Bh5 f5 19. g4 Bf3 20. Nf6+ Kf8 21. Nxg8 Kxg8 22. Rg1 Bxd1 23. gxf5+ Kf8 24. Qxd1 Qb6 25. Qg4 Ke8 26. Bxf7+ Kd8 27. Re1 Qf2 28. Qe2 Qxf4+ 29. Kb1 Ne5 30. Be6 a6 31. a3 Kc7 32. Rd1 Rd8 33. Na5 Kb8 34. Bd5 Rc8 35. Bxb7 Rc5 36. Qxa6 Qxf5 37. Qa8+ Kc7 38. Nb3 Qxc2+ 39. Ka2 Nc4 0-1


[Site "https://www.chess.com"]